 Dungeon Crawl Stone Soup version 0.29.1-1-gd02db6906a (webtiles) character file.

Game seed: 5214887575532943499

99881 inmateoo the Spry (level 15, -4/139 HPs)
             Began as a Minotaur Gladiator on Sept 26, 2022.
             Was an Initiate of Gozag.
             Slain by a vampire knight
             ... wielding a +0 long sword
              (8 damage)
             ... on level 15 of the Dungeon.
             The game lasted 00:38:40 (38633 turns).

inmateoo the Spry (Minotaur Gladiator)             Turns: 38633, Time: 00:38:41

Health: -4/139     AC: 11    Str: 25    XL:     15   Next: 79%
Magic:  14/14      EV: 24    Int:  7    God:    Gozag
Gold:   4639       SH:  6    Dex: 21    Spells: 14/14 levels left

rFire   + . .      SeeInvis .   L - +2 demon blade (freeze)
rCold   + . .      Faith    .   I - +0 buckler {reflect}
rNeg    . . .      Spirit   .   B - +3 leather armour of the Blind Marksman {rPois Int+2 Dex+2}
rPois   +          Reflect  +   c - +0 hat
rElec   .          Harm     .   C - +0 cloak {rF+}
rCorr   .          Rampage  .   w - +0 pair of gloves
Will    ++...                   n - +0 pair of boots
Stlth   ++++++....              (no amulet)
HPRegen 0.33/turn               m - ring of protection from cold
MPRegen 0.14/turn               K - ring of Tyven {Will+ Str+6}

@: about to teleport
A: horns 2, retaliatory headbutt
a: Renounce Religion, Potion Petition, Call Merchant, Bribe Branch


You were on level 15 of the Dungeon.
You worshipped Gozag.
Gozag was most pleased with you.
You visited 4 branches of the dungeon, and saw 23 of its levels.
You also visited: Ice Cave and Volcano.

You collected 7227 gold pieces.
You spent 930 gold pieces at shops.
You paid 1658 gold pieces to Gozag.

Inventory:

Hand Weapons
 g - a +3 scimitar of draining
 v - a +3 flail of protection
 L - a +2 demon blade of freezing (weapon)
Missiles
 e - 7 javelins (quivered)
Armour
 c - a +0 hat (worn)
 d - a +3 ring mail of fire resistance
 n - a +0 pair of boots (worn)
 w - a +0 pair of gloves (worn)
 B - the +3 leather armour of the Blind Marksman (worn) {rPois Int+2 Dex+2}
   (You bought it in a shop on level 3 of the Lair of Beasts)

   Int:       It affects your intelligence (+2).
   Dex:       It affects your dexterity (+2).
   rPois:     It protects you from poison.
 C - a +0 cloak of fire resistance (worn)
 I - a +0 buckler of reflection (worn)
Jewellery
 m - a ring of protection from cold (left hand)
 x - a ring of flight
 y - a ring of ice
 E - a ring of resist corrosion
 K - the ring of Tyven (right hand) {Will+ Str+6}
   (You found it on level 5 of the Lair of Beasts)

   [ring of strength]

   Str:       It affects your strength (+6).
   Will:      It increases your willpower.
 M - the ring "Qaesch" {rN+ Int+4}
   (You found it in an ice cave)

   [ring of positive energy]

   Int:       It affects your intelligence (+4).
   rN:        It protects you from negative energy.
 P - an amulet of the acrobat
Wands
 s - a wand of flame (12)
 t - a wand of roots (2)
 D - a wand of charming (1)
Scrolls
 b - 2 scrolls of amnesia
 f - 5 scrolls of teleportation
 i - a scroll of fear
 l - 3 scrolls of enchant weapon
 o - a scroll of magic mapping
 F - a scroll of blinking
 H - 4 scrolls of identify
 J - 3 scrolls of poison
 O - a scroll of fog
Potions
 a - 6 potions of resistance
 h - 3 potions of heal wounds
 j - 5 potions of mutation
 k - 7 potions of brilliance
 p - 8 potions of might
 q - 4 potions of cancellation
 r - 2 potions of haste
 u - 3 potions of ambrosia
 z - 3 potions of flight
 A - 2 potions of curing
 G - a potion of magic
 N - 2 potions of berserk rage


   Skills:
 + Level 14.3 Fighting
 * Level 14.7 Long Blades
 - Level 2.0 Throwing
 - Level 8.0 Armour
 + Level 16.8 Dodging
 + Level 15.1 Stealth
 + Level 3.2 Shields


You had 14 spell levels left.
You didn't know any spells.
Your spell library contained the following spells:

 Spells                   Type           Power      Damage    Failure   Level
 Apportation              Tloc           0%         N/A       56%         1
 Magic Dart               Conj           0%         1d3       56%         1
 Necrotise                Necr           0%         1d4       56%         1
 Slow                     Hex            0%         N/A       56%         1
 Sting                    Tmut/Pois      0%         1d3       56%         1
 Summon Small Mammal      Summ           0%         N/A       56%         1
 Call Imp                 Summ           0%         N/A       71%         2
 Poisonous Vapours        Pois/Air       0%         N/A       71%         2
 Static Discharge         Conj/Air       0%         3-3/arc   71%         2
 Confusing Touch          Hex            0%         N/A       90%         3
 Mephitic Cloud           Conj/Pois/Air  0%         N/A       90%         3
 Ozocubu's Armour         Ice            0%         N/A       90%         3
 Vampiric Draining        Necr           0%         2d6       90%         3
 Hailstorm                Conj/Ice       0%         3d3       100%        4
 Ice Form                 Ice/Tmut       0%         N/A       100%        4
 Olgreb's Toxic Radiance  Pois           0%         N/A       100%        4
 Petrify                  Tmut/Erth      0%         N/A       100%        4
 Lightning Bolt           Conj/Air       0%         1d11      100%        5
 Metabolic Englaciation   Hex/Ice        0%         N/A       100%        5
 Statue Form              Tmut/Erth      0%         N/A       100%        6
 Haunt                    Necr/Summ      0%         N/A       100%        7
 Ozocubu's Refrigeration  Ice            0%         4d7       100%        7
 Ignition                 Fire           0%         3d3       100%        8
 Infestation              Necr           0%         N/A       100%        8
 Maxwell's Capacitive Co  Air            0%         ∞         100%        8
 Animate Dead             Necr           Unusable   N/A       N/A         4
 Simulacrum               Ice/Necr       Unusable   N/A       N/A         6

Dungeon Overview and Level Annotations

Branches:
Dungeon (15/15)            Temple (1/1) D:5            Lair (5/5) D:11
 Shoals (0/4) Lair:3        Snake (0/4) Lair:3        Slime (0/5) Lair:5
    Orc (2/2) D:11            Elf (0/3) Orc:2        Vaults (0/5) D:14
 Depths (0/4) D:15          IceCv (visited)         Volcano (visited)

Altars:
Elyvilon
Fedhas
Gozag
Hepliaklqana
Kikubaaqudgha
Trog
Uskayaw
Vehumet
Xom
Yredelemnul
Zin
The Shining One

Shops:
D:1 =   D:7 *   D:8 :   D:13 *   Orc:2 ([=   Lair:3 [[

Annotations:
D:6 3 runed translucent doors, enotiy's ghost, novice MiBe
D:7 1 runed translucent door, enotiy's ghost, novice MiFi
D:9 1 runed translucent door, sanka's ghost, journeyman DjCj
D:13 2 runed translucent doors, Ined's ghost, journeyman MiBe
D:14 2 transporters, Kilet's ghost, adept GrEE
Orc:1 2 runed translucent doors, exclusion: orange crystal statue


Innate Abilities, Weirdness & Mutations

You have a pair of horns on your head.
You reflexively headbutt those who attack you in melee.


Message History

Press: ? - help, Shift-Dir - straight line, f - vampire knight
Aim: a vampire knight, wielding a +0 long sword and wearing a +0 chain mail (moderately damaged)
The roots erupt in riotous growth!
Roots grab the vampire knight. x2
The grasping roots constrict the vampire knight, but do no damage. x2
The vampire knight barely misses you.
A vampire comes into view.
The vampire knight hits you with a +0 long sword!!
The vampire knight completely misses you.
The vampire knight barely misses you.
Okay, then.
As you read the scroll of teleportation, it crumbles to dust.
You feel strangely unstable.
The grasping roots constrict the vampire knight, but do no damage. x2
The roots release their grip on the vampire knight.
The vampire knight hits you from afar with a +1 halberd of pain!
You writhe in agony!
The vampire knight gestures wildly while chanting.
The vampire knight flickers and vanishes!
Deactivating autopickup; reactivate with Ctrl-A.
The grasping roots constrict something!
A vampire comes into view.
The vampire knight points at you and mumbles some strange words.
The vampire knight blinks!
Something barely misses you. Something bites you but does no damage.
The vampire knight hits you with a +1 halberd of pain!
* * * LOW HITPOINT WARNING * * *
You writhe in agony.
* * * LOW HITPOINT WARNING * * *
The vampire knight bites you.
* * * LOW HITPOINT WARNING * * *
The vampire knight draws strength from your injuries!
The vampire knight hits you with a +1 halberd of pain!
* * * LOW HITPOINT WARNING * * *
You writhe in agony.
* * * LOW HITPOINT WARNING * * *
The vampire knight bites you but does no damage.
Something hits you but does no damage. Something bites you!
You die...
Your body crumbles into a pile of gold.

#.####.. #.# #.# #..
#.##.# #.# ###
#.##.# #.######
#.##.## #.......
#.##..#####.#.....
#.............####
#.#.....###.......
##@............####
#V........##...#
#.#.#.#.#.##...#
#.#######.##...#
##§#.....#..#...####
#.V...⌠).#..........
#.(#.....#.###..####
#.V#######.# ......
#..# #.# ###


You could see a vampire knight (fast) and 2 vampires.

Vanquished Creatures
  A lich (IceCv)
  3 orc warlords
  A very ugly thing (IceCv)
  A red draconian (Volcano)
  A dire elephant (Lair:5)
  A fire dragon (Lair:5)
  6 boulder beetles
  Fannar (D:11)
  2 ogre magi
  3 hydras
  3 catoblepae
  A vault guard (D:14)
  2 caustic shrike simulacra (IceCv)
  2 centaur warriors
  7 two-headed ogres
  A tengu warrior (D:14)
  2 orc high priests
  A vampire mage (D:15)
  9 skeletal warriors
  A swamp dragon (Lair:5)
  An obsidian statue (IceCv)
  3 bog bodies (IceCv)
  7 orc knights
  A wizard (D:14)
  A deep elf pyromancer (D:14)
  2 lindwurms (Lair:5)
  A spriggan simulacrum (IceCv)
  4 orc sorcerers (Orc:2)
  A necromancer (IceCv)
  6 manticores
  9 ugly things
  4 elephants (Lair:5)
  6 cyclopes
  4 black mambas
  7 cane toads
  6 rime drakes
  A kobold demonologist (D:10)
  3 torpor snails
  17 freezing wraiths
  3 ice devils (IceCv)
  3 anaconda simulacra (IceCv)
  3 golden dragon simulacra (IceCv)
  10 komodo dragons
  A tengu conjurer (D:14)
  4 polar bears
  7 trolls
  A tyrant leech (D:15)
  Prince Ribbit (D:7)
  3 hornets
  A wind drake (Lair:3)
  7 slime creatures
  16 blink frogs
  18 dream sheep
  3 shadows
  7 dire elephant simulacra (IceCv)
  8 wyverns
  A vampire (D:10)
  41 yaks
  A yak (shapeshifter) (D:13)
  7 basilisks
  Grum (D:10)
  3 fire bats (Lair:3)
  4 steam dragons
  10 vampire mosquitoes
  A minotaur simulacrum (IceCv)
  A naga (Lair:3)
  4 wargs
  5 acid dragons
  3 harpy simulacra (IceCv)
  Edmund (D:5)
  13 water moccasins
  3 black bears
  A swamp drake (Lair:5)
  38 orc warriors
  An ettin simulacrum (IceCv)
  4 alligator simulacra (IceCv)
  8 ogres
  8 wolves
  8 centaurs
  2 phantoms
  A kobold brigand (D:11)
  11 bullfrogs
  2 gnoll sergeants
  A deep troll simulacrum (IceCv)
  6 scorpions
  5 wights
  12 killer bees
  4 howler monkeys
  3 electric eels
  3 hounds
  4 gnoll boudas
  13 orc priests
  6 jellies
  Jessica (D:2)
  Ijyb (D:3)
  Terence (D:3)
  15 orc wizards
  8 iguanas
  9 hell rats
  23 gnolls
  8 adders
  2 shadow imps
  3 white imps
  2 ufetubi (D:5)
  2 worms
  3 dart slugs
  58 orcs
  5 bats
  9 endoplasms
  3 giant cockroaches
  6 goblins
  6 hobgoblins
  4 jackals
  3 quokkas
  7 ball pythons
  4 frilled lizards
  11 kobolds
  5 rats
668 creatures vanquished.

Vanquished Creatures (others)
  2 yaks (Lair:5)
  A water moccasin (Lair:5)
  An orc priest (Orc:2)
  A gnoll (D:10)
  26 fungi
  38 plants
  7 withered plants (D:15)
76 creatures vanquished.

Grand Total: 744 creatures vanquished

Notes
Turn   | Place    | Note
-------+----------+-------------------------------------------
     0 | D:1      | inmateoo the Minotaur Gladiator began the quest for the
                  | Orb.
     0 | D:1      | Reached XP level 1. HP: 18/18 MP: 0/0
   202 | D:1      | Reached XP level 2. HP: 22/25 MP: 1/1
   213 | D:1      | Found Gideocob's Jewellery Shoppe.
   325 | D:1      | Reached skill level 1 in Armour
   641 | D:1      | Identified a scroll of acquirement
   641 | D:1      | Acquired a +2 scimitar of draining
   729 | D:2      | Reached XP level 3. HP: 26/30 MP: 2/2
   794 | D:2      | Noticed Jessica
   800 | D:2      | Killed Jessica
   801 | D:2      | Reached XP level 4. HP: 35/38 MP: 3/3
  1131 | D:2      | Reached skill level 5 in Long Blades
  1443 | D:3      | Found a faded altar of an unknown god.
  1521 | D:3      | Found a transporter.
  1523 | D:3      | Found a transporter.
  1616 | D:3      | Noticed Terence
  1621 | D:3      | Killed Terence
  1622 | D:3      | Reached skill level 4 in Dodging
  1622 | D:3      | Reached XP level 5. HP: 37/45 MP: 4/4
  1909 | D:3      | Identified the +0 leather armour of Decol {Harm rF++ rN++}
  1941 | D:3      | Noticed Ijyb
  1951 | D:3      | Killed Ijyb
  2094 | D:3      | Reached XP level 6. HP: 36/52 MP: 5/5
  2586 | D:4      | Found an ancient bone altar of Kikubaaqudgha.
  3923 | D:5      | Entered Level 5 of the Dungeon
  3935 | D:5      | Reached XP level 7. HP: 60/60 MP: 6/6
  4160 | D:5      | Found a staircase to the Ecumenical Temple.
  4171 | Temple   | Entered the Ecumenical Temple
  4206 | Temple   | Became a worshipper of Gozag Ym Sagoz the Greedy
  4216 | D:5      | Reached skill level 5 in Dodging
  4521 | D:5      | Noticed Edmund
  4525 | D:5      | Reached skill level 5 in Fighting
  4531 | D:5      | Killed Edmund
  5052 | D:5      | Reached XP level 8. HP: 51/69 MP: 7/7
  5392 | D:5      | Reached skill level 5 in Armour
  5737 | D:6      | Reached skill level 6 in Dodging
  5926 | D:6      | Found a blossoming altar of Fedhas.
  6078 | D:6      | Found a runed translucent gate.
  6078 | D:6      | Found a runed translucent gate.
  6078 | D:6      | Found a runed translucent gate.
  6078 | D:6      | Noticed enotiy's ghost (novice MiBe)
  6443 | D:7      | Found a runed translucent door.
  6443 | D:7      | Noticed enotiy's ghost (novice MiFi)
  6467 | D:7      | Reached skill level 1 in Stealth
  6724 | D:7      | Noticed Prince Ribbit
  6739 | D:7      | Killed Prince Ribbit
  6881 | D:7      | Reached XP level 9. HP: 65/78 MP: 8/8
  7198 | D:7      | Found Kucuyth's Assorted Antiques.
  7203 | D:7      | Bought a scroll of teleportation for 84 gold pieces
  7203 | D:7      | Bought an emerald potion for 25 gold pieces
  7701 | D:8      | Found Voybur's Self-Improvement Boutique.
  8071 | D:8      | Reached skill level 10 in Long Blades
  8364 | D:8      | Found a hide-covered altar of Uskayaw.
  8365 | D:8      | Found a basalt altar of Yredelemnul.
  8368 | D:8      | Found a radiant altar of Vehumet.
  8655 | D:9      | Reached skill level 7 in Dodging
  8682 | D:9      | Found a shimmering altar of Xom.
  8682 | D:9      | Noticed sanka's ghost (journeyman DjCj)
  8683 | D:9      | Found a runed translucent door.
  8683 | D:9      | Noticed a +4 mace of chaos
  9280 | D:9      | Found a glowing golden altar of the Shining One.
  9467 | D:10     | Entered Level 10 of the Dungeon
  9602 | D:10     | Reached XP level 10. HP: 75/88 MP: 9/9
 11087 | D:10     | Noticed Grum
 11099 | D:10     | Killed Grum
 11560 | D:7      | Bought a glowing ring mail for 196 gold pieces
 11900 | D:11     | Reached skill level 8 in Dodging
 11932 | D:11     | You fall into a shaft and drop 2 floors!
 12063 | D:13     | Noticed a manticore
 12079 | D:13     | Killed a manticore
 12080 | D:13     | Reached skill level 5 in Stealth
 12356 | D:12     | Noticed a cyclops
 12379 | D:12     | Killed a cyclops
 12869 | D:11     | Reached XP level 11. HP: 90/97 MP: 10/10
 12897 | D:11     | Noticed Fannar
 12915 | D:11     | Killed Fannar
 12916 | D:11     | Reached skill level 9 in Dodging
 13001 | D:11     | Found a staircase to the Orcish Mines.
 13315 | D:11     | Reached skill level 10 in Fighting
 13658 | D:11     | Found a staircase to the Lair.
 13814 | D:11     | Noticed a two-headed ogre
 13817 | D:11     | Noticed a two-headed ogre
 13826 | D:11     | Reached skill level 10 in Dodging
 13826 | D:11     | Killed a two-headed ogre
 13830 | D:11     | Killed a two-headed ogre
 14070 | D:11     | Noticed a skeletal warrior
 14095 | D:11     | Killed a skeletal warrior
 14855 | D:12     | Noticed a boulder beetle
 14896 | D:12     | Killed a boulder beetle
 15104 | D:12     | Noticed a boulder beetle
 15138 | D:12     | Killed a boulder beetle
 15547 | D:12     | Noticed a boulder beetle
 15561 | D:12     | Killed a boulder beetle
 15562 | D:12     | Reached skill level 10 in Stealth
 15562 | D:12     | Reached XP level 12. HP: 94/106 MP: 11/11
 16121 | D:13     | Noticed a centaur warrior
 16129 | D:13     | HP: 4/106 [something (27)]
 16682 | D:13     | Killed a centaur warrior
 16999 | D:13     | Found a large runed translucent door.
 17000 | D:13     | Found a large runed translucent door.
 17002 | D:13     | Noticed Ined's ghost (journeyman MiBe)
 17924 | Lair:1   | Entered Level 1 of the Lair of Beasts
 18080 | Lair:1   | Noticed a boulder beetle
 18111 | Lair:1   | Killed a boulder beetle
 18386 | Lair:1   | Noticed a six-headed hydra
 18825 | Lair:1   | Reached skill level 11 in Dodging
 19671 | Lair:2   | Noticed a seven-headed hydra
 20167 | Lair:2   | Noticed a six-headed hydra
 20179 | Lair:2   | Killed a six-headed hydra
 21328 | Lair:2   | Killed a seven-headed hydra
 21360 | Lair:3   | Noticed a four-headed hydra
 21388 | Lair:3   | Reached XP level 13. HP: 92/117 MP: 12/12
 21742 | Lair:3   | Found a dark tunnel.
 21760 | Lair:3   | Bought a polished leather armour for 175 gold pieces
 21760 | Lair:3   | Identified the +3 leather armour of the Blind Marksman
                  | {rPois Int+2 Dex+2} (You bought it in a shop on level 3 of
                  | the Lair of Beasts)
 21773 | Lair:3   | Bought an ichor-stained ring mail for 225 gold pieces
 21773 | Lair:3   | Identified the +1 ring mail of Byfoir {*Slow +Blink Will-
                  | Str+9} (You bought it in a shop on level 3 of the Lair of
                  | Beasts)
 21776 | Lair:3   | Bought a faintly humming scale mail for 225 gold pieces
 21776 | Lair:3   | Identified the +0 scale mail "Eras" {rElec Int+3 Stlth-}
                  | (You bought it in a shop on level 3 of the Lair of Beasts)
 21786 | Volcano  | Entered a volcano
 21833 | Volcano  | Noticed a red draconian
 21847 | Volcano  | Killed a red draconian
 22721 | Lair:3   | Reached skill level 12 in Dodging
 22842 | Lair:3   | Found a staircase to the Snake Pit.
 22861 | Lair:3   | Found a staircase to the Shoals.
 24534 | Lair:5   | Entered Level 5 of the Lair of Beasts
 25108 | Lair:5   | Reached skill level 13 in Dodging
 25423 | Lair:5   | Reached XP level 14. HP: 89/129 MP: 13/13
 25949 | Lair:5   | Identified the ring of Tyven {Will+ Str+6}
 26226 | Lair:5   | Found a staircase to the Slime Pits.
 26899 | Lair:5   | Reached skill level 14 in Dodging
 27561 | Orc:1    | Entered Level 1 of the Orcish Mines
 27934 | Orc:1    | Noticed an orc warlord
 27975 | D:11     | HP: 6/132 [orc warlord/+1 war axe of flaming (6)]
 27986 | D:11     | Killed an orc warlord
 28688 | Orc:2    | Entered Level 2 of the Orcish Mines
 29736 | Orc:2    | Noticed an orc warlord
 29927 | Orc:1    | Killed an orc warlord
 30156 | Orc:2    | Reached skill level 15 in Dodging
 30267 | Orc:2    | Found a staircase to the Elven Halls.
 30444 | Orc:2    | Noticed an orc warlord
 30464 | Orc:2    | Killed an orc warlord
 31332 | Orc:2    | Found Wef Fier's Antique Weapon Shoppe.
 31370 | Orc:2    | Found Houl's Jewellery Shoppe.
 31372 | Orc:2    | Found Ogezuig's General Store.
 31443 | Orc:2    | Found Hubouda's Antique Armour Shoppe.
 31552 | Orc:1    | Found a runed translucent door.
 31568 | Orc:1    | Found the +10 tower shield of Ignorance {rN+ Int-4}
 31576 | Orc:1    | Found a runed translucent door.
 32252 | D:13     | Reached XP level 15. HP: 130/138 MP: 14/14
 32324 | D:13     | Found Heghub's Demolitions Depot.
 32545 | D:14     | Found a frozen archway.
 32554 | IceCv    | Entered an ice cave
 34304 | IceCv    | Found an ancient bone altar of Kikubaaqudgha.
 34383 | IceCv    | Reached skill level 16 in Dodging
 35060 | IceCv    | Noticed a lich
 35081 | IceCv    | Killed a lich
 35227 | IceCv    | Identified the ring "Qaesch" {rN+ Int+4}
 35664 | D:14     | Found a radiant altar of Vehumet.
 35733 | D:14     | Noticed Kilet's ghost (adept GrEE)
 35766 | D:14     | Found a transporter.
 36376 | D:14     | Reached skill level 1 in Shields
 36669 | D:14     | Found a transporter.
 36789 | D:14     | Reached skill level 15 in Stealth
 37147 | D:14     | Found a gate to the Vaults.
 37479 | D:15     | Entered Level 15 of the Dungeon
 37913 | D:15     | Found a staircase to the Depths.
 38618 | D:15     | Found the +8 Vampire's Tooth {vamp}
 38632 | D:15     | HP: 6/139 [vampire knight/+1 halberd of pain (12)]
 38633 | D:15     | Slain by a vampire knight

Illustrated notes

Levels and vault maps discovered:
D:1:      saegor_arrival_fortress, layout_basic, serial_shops, shop,
          st_stairs_12, minmay_misc_feat_doors, minivault_24
D:2:      layout_basic, chequers_serial_rivers_room_a, uniq_jessica
D:3:      gammafunk_steamed_eel, layout_loops_ring,
          shapermc_ecumenical_altar_venn, uniq_terence, uniq_ijyb
D:4:      layout_layer_cave, mainiacjoe_overflow_six_doors_small
D:5:      layout_cave_pools, minmay_temple_entry_overgrown, chequers_big_river,
          hangedman_decor_diamond_cutter, minmay_between, uniq_edmund
D:6:      layout_basic, lemuel_round_altar, ebering_ghost_rock_garden
D:7:      layout_loops_ring, gammafunk_ghost_grave, serial_shops,
          nicolae_shop_advertising_works [nicolae_subvault_shop_adworks],
          kennysheep_cross_bottleneck, uniq_prince_ribbit1
D:8:      layout_loops_corners, minitemple, nicolae_shop_self_help
D:9:      layout_cave_pools, lemuel_doored_altar, ebering_ghost_xom
D:10:     layout_rooms, uniq_grum
D:11:     minmay_razor_zed, layout_basic, lair_entry_dummy, david_orc_3,
          uniq_fannar
D:12:     layout_loops_cross
D:13:     layout_gridville, ebering_ghost_disaster_area,
          hangedman_decor_growths, nicolae_blasting_shop, st_stairs_3,
          chequers_serial_rivers_small_3
D:14:     layout_layer_cave, david_vaults_5, gammafunk_ghost_stat_death,
          portal_ice_cave_entry_pillars_three, nicolae_vehumet_radiance
D:15:     gammafunk_depths_entry_grave, layout_loops_ring,
          minmay_guarded_unrand_vampires_tooth
Temple:   kb_temple_of_zot
Lair:1:   layout_regular_city, hangedman_lair_unloving_vines,
          eino_small_chamber_without_monster, nzn_sisyphean_effort,
          lemuel_fruit_fields, grunt_megastairs_3
Lair:2:   layout_roguey
Lair:3:   layout_loops_ring, minmay_shoals_entry_beasts,
          guppyfry_snake_entry_garden, nicolae_volcano_entry_batcave
Lair:4:   layout_roguey, lemuel_fruit_tree, serial_bayou_shore_b
Lair:5:   hangedman_lair_in_review, layout_loops_ring, guppyfry_lair_end_dragon,
          nicolae_slime_entry_slimehenge
Orc:1:    layout_diamond_mine, chequers_guarded_unrand_ignorance
Orc:2:    grunt_orc_cross, layout_diamond_mine

Skill      XL: |  1  2  3  4  5  6  7  8  9 10 11 12 13 14 15 |
---------------+----------------------------------------------+-----
Long Blades    | 4 5 6 8 9 11 12 13 14 | 14.7
Armour         | 1 2 3 4 5 7 8 |  8.0
Fighting       | 3 4 5 6 7 9 10 11 13 14 | 14.3
Dodging        | 4 5 6 7 8 10 11 13 15 16 | 16.8
Stealth        | 1 3 5 10 11 12 14 15 | 15.1
Shields        | 3 |  3.2
Throwing       | |  2.0

Action                   |  1- 3 |  4- 6 |  7- 9 | 10-12 | 13-15 || total
-------------------------+-------+-------+-------+-------+-------++-------
Melee: Long sword        |    31 |       |       |       |       ||    31
       Headbutt          |     5 |    12 |    31 |   140 |   388 ||   576
       Scimitar          |    24 |   103 |   209 |   567 |  1167 ||  2070
       Punch             |       |       |     2 |     7 |    17 ||    26
       Flail             |       |       |       |    13 |     5 ||    18
       Demon blade       |       |       |       |       |   218 ||   218
Throw: Throwing net      |       |       |     1 |     1 |     3 ||     5
       Javelin           |       |       |     3 |    11 |       ||    14
Invok: Call Merchant     |       |       |       |       |     2 ||     2
       Potion Petition   |       |       |       |       |     1 ||     1
Evoke: Wand              |       |     5 |     5 |    36 |    19 ||    65
  Use: Scroll            |     4 |     7 |     9 |    15 |     8 ||    43
       Potion            |       |       |       |     6 |     3 ||     9
 Stab: Sleeping          |       |     3 |     2 |    17 |    27 ||    49
       Held in net/web   |       |       |     1 |     1 |     5 ||     7
       Distracted        |       |       |       |     3 |    18 ||    21
       Invisible         |       |       |       |       |     2 ||     2
Armor: Leather armour    |    20 |    21 |    41 |    20 |   192 ||   294
       Skin              |       |       |       |    30 |       ||    30
       Ring mail         |       |       |       |   111 |     8 ||   119
Dodge: Dodged            |    37 |    79 |   163 |   393 |  1052 ||  1724
Block: Buckler           |       |       |       |       |    34 ||    34
       Reflection        |       |       |       |       |     1 ||     1
